Connexion

DALLAS Stars vs VANCOUVER Canucks

Created - 6 mars 2024 at 08:09

Goals
1 2 3 OT1 SO T
DALLAS Stars 1 1 1 0 1 4
VANCOUVER Canucks 2 1 0 0 0 3
Shots
1 2 3 OT1 SO T
DALLAS Stars 9 8 5 1 3 23
VANCOUVER Canucks 8 10 16 3 3 37

GoalsPenalties
1st period
1. VANCOUVER Canucks , Matt Duchene 24 (Jack Eichel 54, Travis Hamonic 42) at 4:10 (PP)
2. VANCOUVER Canucks , Vladimir Tarasenko 24 (Jack Eichel 55) at 7:26
3. DALLAS Stars , Ondrej Kase 19 (Mikhail Sergachev 33, Dylan Cozens 40) at 19:40 (PP)
Daniel Sprong (DAL) for Slashing (Minor) at 3:58
Daniel Sprong (DAL) for Tripping (Minor) at 15:42
Joel Eriksson EK (VAN) for Tripping (Minor) at 19:07
2nd period
4. VANCOUVER Canucks , Ryan Dzingel 25 (Joel Eriksson EK 34, Ryan Pulock 40) at 13:09
5. DALLAS Stars , William Karlsson 16 (Neal Pionk 36) at 14:17
Jack Eichel (VAN) for Slashing (Minor) at 16:15
Mikhail Sergachev (DAL) for Interference (Minor) at 19:29
3rd period
6. DALLAS Stars , Tyler Bertuzzi 32 (Mikhail Sergachev 34, Dylan Cozens 41) at 2:56
Tyler Bertuzzi (DAL) for Roughing (Minor) at 13:44
Overtime #1
No Goal
Shootout
DALLAS Stars , Ondrej Kase - Goal!
VANCOUVER Canucks , Matt Duchene - Stopped by Joonas Korpisalo
DALLAS Stars , Tyler Bertuzzi - Stopped by Jeremy Swayman
VANCOUVER Canucks , Jack Eichel - Shot Misses the Net
DALLAS Stars , Dylan Cozens - Stopped by Jeremy Swayman
VANCOUVER Canucks , Joel Eriksson EK - Shot Misses the Net
Goalie Stats
Joonas Korpisalo (DAL), 34 saves from 37 shots - (0,919), W, 31-27-1, 65:00 minutes
Jeremy Swayman (VAN), 20 saves from 23 shots - (0,870), OTL, 17-20-4, 65:00 minutes
3 StarsOfficial
1 - William Karlsson (DAL)
2 - Vladimir Tarasenko (VAN)
3 - Mikhail Sergachev (DAL)
Referees : Dan O'Halloran and Chris Lee
Linesman : Shane Heyer and Mark Wheler
Game Note
No Game Note
Finance
Level 1 -- Attendance: 6000 (100,00%) -- Ticket Income $720,000
Level 2 -- Attendance: 5329 (94,65%) -- Ticket Income $399,675
Level 3 -- Attendance: 2000 (100,00%) -- Ticket Income $90,000
Level 4 -- Attendance: 4000 (100,00%) -- Ticket Income $120,000
Luxury Box -- Attendance: 1000 (100,00%) -- Ticket Income $225,000
Game was played at the Rogers Arena.
Total Attendance: 18329 (98,38%)
Total Ticket Income: $1,554,675
Other Income: $310,935
Total Income: $1,865,610



Team Name Goals Shots Shots Attemp Shots Blocked PIM HIT PP PK FO%
DALLAS Stars 4234098211 / 2 (50%)143%
VANCOUVER Canucks 3376844151 / 4 (25%)157%

DALLAS Stars
Player Name POS G A P +/- PIM HIT SHT SB MP PP MP PP SHT PK MP PK SHT FO% FOT
Damon SeversonD0001010124:421:4203:2900% 0
Daniel SprongLW/RW0001411015:470:0000:5800% 0
Darnell NurseD000-1040119:560:5003:0400% 0
Dylan CozensC022-1003018:371:2300:59048% 21
Jason DemersD0000010116:490:0001:0300% 0
John CarlsonD000-1000122:180:5002:4000% 0
Mikhail SergachevD0221240025:281:4202:0200% 0
Morgan FrostC000000003:080:0000:00033% 3
Neal PionkD0110001115:460:0000:0000% 0
Ondrej KaseLW/RW101-1032127:311:2314:23036% 11
Peyton KrebsC/LW000000000:000:0000:0000% 0
Reilly SmithLW/RW0000012118:141:0900:0000% 0
Rem PitlickC/LW/RW000000003:080:0000:0000% 0
Sebastien AhoC/LW/RW0000001019:211:0900:59033% 18
Tomas HertlC/LW0000012118:141:0900:000100% 2
Tyler BertuzziLW/RW101-1213023:231:2303:08033% 3
Tyson JostC/LW0001023018:130:0001:1600% 3
William KarlssonC/LW1011025118:120:0000:35052% 23
VANCOUVER Canucks
Player Name POS G A P +/- PIM HIT SHT SB MP PP MP PP SHT PK MP PK SHT FO% FOT
Ben ChiarotD0001001015:510:0000:0000% 0
Casey MittelstadtC0000001018:582:5200:00028% 18
Devin ShoreC/LW/RW000-1002011:070:0000:00069% 13
Jack EichelC0221205022:213:1720:00071% 34
Janne KuokkanenLW000-1013013:160:0000:0000% 1
Joel Eriksson EKC/LW/RW0110213019:272:5210:30067% 3
Logan ShawC/RW000000009:000:0001:50067% 3
Matt DucheneC/LW1011018025:253:1710:12050% 4
Mattias EkholmD0001000119:092:4201:2700% 0
Michael RasmussenC000000108:100:0000:18050% 4
Nate SchmidtD000-2013025:003:2721:0500% 0
Oskar LindblomLW/RW000-1010011:070:0000:0000% 0
Ryan DzingelC/LW/RW1010013018:582:5200:0000% 1
Ryan PulockD0111031022:042:4211:2700% 0
Tobias BjornfotD0001001015:510:0000:0000% 0
Tomas NosekC/LW000000006:450:0001:44067% 3
Travis HamonicD011-2032327:053:2721:0500% 0
Vladimir TarasenkoRW1011033022:523:1700:3000% 0



Play-by-Play

1st period


0:01 of 1st period - Jack Eichel wins face-off versus Dylan Cozens in neutral zone.
0:53 of 1st period - Icing by Nate Schmidt.
0:54 of 1st period - Jack Eichel wins face-off versus Sebastien Aho in VANCOUVER Canucks zone.
0:58 of 1st period - Travis Hamonic is hit by Darnell Nurse and loses puck.
1:23 of 1st period - Reilly Smith is hit by Ryan Pulock and loses puck.
2:03 of 1st period - Icing by Mattias Ekholm.
2:04 of 1st period - William Karlsson wins face-off versus Ryan Dzingel in VANCOUVER Canucks zone.
2:15 of 1st period - Shot by Tyson Jost.
2:15 of 1st period - Shot Misses the Net.
2:17 of 1st period - Shot by Daniel Sprong.
2:17 of 1st period - Shot Misses the Net.
2:47 of 1st period - Shot by Daniel Sprong.
2:47 of 1st period - Deflect By Tyson Jost.
2:47 of 1st period - Stopped by Jeremy Swayman without a rebound.
2:48 of 1st period - Devin Shore wins face-off versus Morgan Frost in VANCOUVER Canucks zone.
3:22 of 1st period - Shot by Mikhail Sergachev.
3:22 of 1st period - Shot Hit the Post.
3:51 of 1st period - Off-side.
3:52 of 1st period - Jack Eichel wins face-off versus William Karlsson in neutral zone.
3:52 of 1st period - Matt Duchene is hit by William Karlsson and loses puck.
3:56 of 1st period - Nate Schmidt is hit by Tyson Jost and loses puck.
3:58 of 1st period - Minor Penalty to Daniel Sprong for Slashing.
3:59 of 1st period - Jack Eichel wins face-off versus Ondrej Kase in DALLAS Stars zone.
4:08 of 1st period - Shot by Matt Duchene.
4:08 of 1st period - Deflect By Jack Eichel.
4:08 of 1st period - Shot Hit the Post.
4:10 of 1st period - Shot by Matt Duchene.
4:10 of 1st period - Goal by Matt Duchene - DALLAS Stars : 0 - VANCOUVER Canucks : 1.
4:11 of 1st period - Michael Rasmussen wins face-off versus Tyson Jost in neutral zone.
4:18 of 1st period - Shot by Nate Schmidt.
4:18 of 1st period - Shot Misses the Net.
5:30 of 1st period - Jason Demers is hit by Vladimir Tarasenko and loses puck.
6:06 of 1st period - Icing by Sebastien Aho.
6:07 of 1st period - Devin Shore wins face-off versus Sebastien Aho in DALLAS Stars zone.
6:22 of 1st period - Shot by Janne Kuokkanen.
6:22 of 1st period - Shot Misses the Net.
7:19 of 1st period - Shot by Ryan Dzingel.
7:19 of 1st period - Shot Misses the Net.
7:21 of 1st period - Shot by Nate Schmidt.
7:21 of 1st period - Stopped by Joonas Korpisalo without a rebound.
7:22 of 1st period - Jack Eichel wins face-off versus Dylan Cozens in DALLAS Stars zone.
7:22 of 1st period - Jack Eichel is hit by Jason Demers.
7:24 of 1st period - Shot by Vladimir Tarasenko.
7:24 of 1st period - Stopped by Joonas Korpisalo with a rebound.
7:26 of 1st period - Shot by Vladimir Tarasenko.
7:26 of 1st period - Goal by Vladimir Tarasenko - DALLAS Stars : 0 - VANCOUVER Canucks : 2.
7:27 of 1st period - Dylan Cozens wins face-off versus Jack Eichel in neutral zone.
7:48 of 1st period - Shot by Dylan Cozens.
7:48 of 1st period - Stopped by Jeremy Swayman without a rebound.
7:49 of 1st period - William Karlsson wins face-off versus Casey Mittelstadt in VANCOUVER Canucks zone.
8:02 of 1st period - Shot by William Karlsson.
8:02 of 1st period - Stopped by Jeremy Swayman without a rebound.
8:03 of 1st period - Jack Eichel wins face-off versus Dylan Cozens in VANCOUVER Canucks zone.
8:07 of 1st period - Icing by Vladimir Tarasenko.
8:08 of 1st period - Jack Eichel wins face-off versus Dylan Cozens in VANCOUVER Canucks zone.
8:08 of 1st period - Jack Eichel is hit by Tyler Bertuzzi.
8:26 of 1st period - Shot by Mikhail Sergachev.
8:26 of 1st period - Shot Blocked by Mattias Ekholm.
8:28 of 1st period - Shot by Tyler Bertuzzi.
8:28 of 1st period - Shot Misses the Net.
8:48 of 1st period - Shot by Tyler Bertuzzi.
8:48 of 1st period - Stopped by Jeremy Swayman with a rebound.
8:50 of 1st period - Shot by Dylan Cozens.
8:50 of 1st period - Stopped by Jeremy Swayman without a rebound.
8:51 of 1st period - Sebastien Aho wins face-off versus Casey Mittelstadt in VANCOUVER Canucks zone.
9:12 of 1st period - Shot by Tomas Hertl.
9:12 of 1st period - Shot Blocked by Travis Hamonic.
9:41 of 1st period - Icing by Darnell Nurse.
9:42 of 1st period - Sebastien Aho wins face-off versus Jack Eichel in DALLAS Stars zone.
10:15 of 1st period - Shot by Jack Eichel.
10:15 of 1st period - Shot Misses the Net.
10:17 of 1st period - Shot by Matt Duchene.
10:17 of 1st period - Stopped by Joonas Korpisalo without a rebound.
10:18 of 1st period - Dylan Cozens wins face-off versus Janne Kuokkanen in DALLAS Stars zone.
11:24 of 1st period - Joel Eriksson EK is hit by Ondrej Kase and loses puck.
11:32 of 1st period - Icing by Nate Schmidt.
11:33 of 1st period - William Karlsson wins face-off versus Casey Mittelstadt in VANCOUVER Canucks zone.
12:50 of 1st period - Shot by Tomas Hertl.
12:50 of 1st period - Stopped by Jeremy Swayman with a rebound.
12:52 of 1st period - Shot by Reilly Smith.
12:52 of 1st period - Stopped by Jeremy Swayman without a rebound.
12:53 of 1st period - Morgan Frost wins face-off versus Michael Rasmussen in VANCOUVER Canucks zone.
13:21 of 1st period - Shot by Logan Shaw.
13:21 of 1st period - Deflect By Michael Rasmussen.
13:21 of 1st period - Shot Misses the Net.
14:03 of 1st period - Ryan Pulock is hit by Darnell Nurse and loses puck.
14:08 of 1st period - Shot by Jack Eichel.
14:08 of 1st period - Stopped by Joonas Korpisalo without a rebound.
14:09 of 1st period - Devin Shore wins face-off versus William Karlsson in DALLAS Stars zone.
14:30 of 1st period - Shot by Devin Shore.
14:30 of 1st period - Shot Blocked by William Karlsson.
14:32 of 1st period - Shot by Devin Shore.
14:32 of 1st period - Stopped by Joonas Korpisalo without a rebound.
14:33 of 1st period - Tomas Hertl wins face-off versus Jack Eichel in DALLAS Stars zone.
14:48 of 1st period - Shot by Tomas Hertl.
14:48 of 1st period - Shot Misses the Net.
15:12 of 1st period - Shot by Sebastien Aho.
15:12 of 1st period - Stopped by Jeremy Swayman without a rebound.
15:13 of 1st period - William Karlsson wins face-off versus Casey Mittelstadt in VANCOUVER Canucks zone.
15:25 of 1st period - Shot by Casey Mittelstadt.
15:25 of 1st period - Stopped by Joonas Korpisalo with a rebound.
15:42 of 1st period - Minor Penalty to Daniel Sprong for Tripping.
15:43 of 1st period - Tyler Bertuzzi wins face-off versus Jack Eichel in DALLAS Stars zone.
16:05 of 1st period - Vladimir Tarasenko is hit by Mikhail Sergachev and loses puck.
16:14 of 1st period - Matt Duchene is hit by Mikhail Sergachev and loses puck.
16:20 of 1st period - Matt Duchene is hit by Mikhail Sergachev and loses puck.
18:02 of 1st period - Neal Pionk is hit by Janne Kuokkanen and loses puck.
18:23 of 1st period - Shot by Daniel Sprong.
18:23 of 1st period - Shot Misses the Net.
18:48 of 1st period - Icing by John Carlson.
18:49 of 1st period - Casey Mittelstadt wins face-off versus Sebastien Aho in DALLAS Stars zone.
19:07 of 1st period - Minor Penalty to Joel Eriksson EK for Tripping.
19:08 of 1st period - Tomas Nosek wins face-off versus Dylan Cozens in VANCOUVER Canucks zone.
19:08 of 1st period - Tomas Nosek is hit by Ondrej Kase.
19:38 of 1st period - Shot by Mikhail Sergachev.
19:38 of 1st period - Shot Misses the Net.
19:40 of 1st period - Shot by Ondrej Kase.
19:40 of 1st period - Goal by Ondrej Kase - DALLAS Stars : 1 - VANCOUVER Canucks : 2.
19:41 of 1st period - Tomas Hertl wins face-off versus Jack Eichel in neutral zone.
Goals for this period are 1 for DALLAS Stars vs 2 for VANCOUVER Canucks .
Shots for this period are 9 for DALLAS Stars vs 8 for VANCOUVER Canucks .

2nd period


0:01 of 2nd period - Dylan Cozens wins face-off versus Jack Eichel in neutral zone.
0:45 of 2nd period - Icing by Damon Severson.
0:46 of 2nd period - Casey Mittelstadt wins face-off versus Dylan Cozens in DALLAS Stars zone.
0:51 of 2nd period - Shot by Ryan Dzingel.
0:51 of 2nd period - Stopped by Joonas Korpisalo without a rebound.
0:52 of 2nd period - Casey Mittelstadt wins face-off versus Sebastien Aho in DALLAS Stars zone.
2:15 of 2nd period - Icing by Travis Hamonic.
2:16 of 2nd period - Jack Eichel wins face-off versus William Karlsson in VANCOUVER Canucks zone.
2:16 of 2nd period - Nate Schmidt is hit by Daniel Sprong and loses puck.
3:03 of 2nd period - Tobias Bjornfot is hit by William Karlsson and loses puck.
3:07 of 2nd period - Icing by Ben Chiarot.
3:08 of 2nd period - Tomas Nosek wins face-off versus Dylan Cozens in VANCOUVER Canucks zone.
4:20 of 2nd period - Icing by Mattias Ekholm.
4:21 of 2nd period - William Karlsson wins face-off versus Casey Mittelstadt in VANCOUVER Canucks zone.
4:26 of 2nd period - Shot by Daniel Sprong.
4:26 of 2nd period - Stopped by Jeremy Swayman without a rebound.
4:27 of 2nd period - William Karlsson wins face-off versus Jack Eichel in VANCOUVER Canucks zone.
4:30 of 2nd period - Shot by Tyson Jost.
4:30 of 2nd period - Stopped by Jeremy Swayman without a rebound.
4:31 of 2nd period - Jack Eichel wins face-off versus Sebastien Aho in VANCOUVER Canucks zone.
4:33 of 2nd period - Icing by Vladimir Tarasenko.
4:34 of 2nd period - Jack Eichel wins face-off versus Dylan Cozens in VANCOUVER Canucks zone.
4:41 of 2nd period - Nate Schmidt is hit by Ondrej Kase and loses puck.
5:10 of 2nd period - Shot by Vladimir Tarasenko.
5:10 of 2nd period - Stopped by Joonas Korpisalo without a rebound.
5:11 of 2nd period - Casey Mittelstadt wins face-off versus Sebastien Aho in DALLAS Stars zone.
5:44 of 2nd period - Shot by Ryan Dzingel.
5:44 of 2nd period - Deflect By Casey Mittelstadt.
5:44 of 2nd period - Shot Misses the Net.
5:46 of 2nd period - Shot by Joel Eriksson EK.
5:46 of 2nd period - Stopped by Joonas Korpisalo with a rebound.
5:48 of 2nd period - Shot by Casey Mittelstadt.
5:48 of 2nd period - Shot Misses the Net.
6:14 of 2nd period - Shot by Devin Shore.
6:14 of 2nd period - Stopped by Joonas Korpisalo without a rebound.
6:15 of 2nd period - Jack Eichel wins face-off versus Dylan Cozens in DALLAS Stars zone.
6:32 of 2nd period - Shot by Tyler Bertuzzi.
6:32 of 2nd period - Stopped by Jeremy Swayman without a rebound.
6:33 of 2nd period - William Karlsson wins face-off versus Devin Shore in VANCOUVER Canucks zone.
6:36 of 2nd period - Shot by Daniel Sprong.
6:36 of 2nd period - Deflect By William Karlsson.
6:36 of 2nd period - Stopped by Jeremy Swayman with a rebound.
6:38 of 2nd period - Shot by Tyson Jost.
6:38 of 2nd period - Shot Misses the Net.
7:08 of 2nd period - Shot by William Karlsson.
7:08 of 2nd period - Shot Misses the Net.
7:23 of 2nd period - Icing by Neal Pionk.
7:24 of 2nd period - Jack Eichel wins face-off versus William Karlsson in DALLAS Stars zone.
7:25 of 2nd period - Shot by Matt Duchene.
7:25 of 2nd period - Stopped by Joonas Korpisalo without a rebound.
7:26 of 2nd period - Jack Eichel wins face-off versus Tyler Bertuzzi in DALLAS Stars zone.
7:26 of 2nd period - Jack Eichel is hit by Mikhail Sergachev.
7:39 of 2nd period - Shot by Dylan Cozens.
7:39 of 2nd period - Shot Misses the Net.
7:51 of 2nd period - Shot by Jack Eichel.
7:51 of 2nd period - Shot Blocked by Damon Severson.
9:17 of 2nd period - Shot by Neal Pionk.
9:17 of 2nd period - Stopped by Jeremy Swayman without a rebound.
9:18 of 2nd period - William Karlsson wins face-off versus Devin Shore in VANCOUVER Canucks zone.
9:22 of 2nd period - Icing by Ben Chiarot.
9:23 of 2nd period - Dylan Cozens wins face-off versus Devin Shore in VANCOUVER Canucks zone.
10:02 of 2nd period - Shot by Dylan Cozens.
10:02 of 2nd period - Deflect By Ondrej Kase.
10:02 of 2nd period - Shot Misses the Net.
11:12 of 2nd period - Jason Demers is hit by Travis Hamonic.
11:35 of 2nd period - Icing by Daniel Sprong.
11:36 of 2nd period - Michael Rasmussen wins face-off versus William Karlsson in DALLAS Stars zone.
11:37 of 2nd period - Shot by Logan Shaw.
11:37 of 2nd period - Shot Misses the Net.
12:01 of 2nd period - Shot by Michael Rasmussen.
12:01 of 2nd period - Stopped by Joonas Korpisalo with a rebound.
12:23 of 2nd period - Logan Shaw is hit by Tomas Hertl and loses puck.
13:09 of 2nd period - Shot by Ryan Dzingel.
13:09 of 2nd period - Goal by Ryan Dzingel - DALLAS Stars : 1 - VANCOUVER Canucks : 3.
13:10 of 2nd period - Devin Shore wins face-off versus Morgan Frost in neutral zone.
13:45 of 2nd period - Icing by Travis Hamonic.
13:46 of 2nd period - Devin Shore wins face-off versus William Karlsson in VANCOUVER Canucks zone.
14:15 of 2nd period - Shot by William Karlsson.
14:15 of 2nd period - Stopped by Jeremy Swayman with a rebound.
14:17 of 2nd period - Shot by William Karlsson.
14:17 of 2nd period - Goal by William Karlsson - DALLAS Stars : 2 - VANCOUVER Canucks : 3.
14:18 of 2nd period - Sebastien Aho wins face-off versus Jack Eichel in neutral zone.
14:30 of 2nd period - Shot by Jack Eichel.
14:30 of 2nd period - Shot Misses the Net.
14:44 of 2nd period - Shot by Matt Duchene.
14:44 of 2nd period - Stopped by Joonas Korpisalo without a rebound.
14:45 of 2nd period - Dylan Cozens wins face-off versus Casey Mittelstadt in DALLAS Stars zone.
15:56 of 2nd period - Shot by Sebastien Aho.
15:56 of 2nd period - Deflect By Tomas Hertl.
15:56 of 2nd period - Stopped by Jeremy Swayman without a rebound.
15:57 of 2nd period - William Karlsson wins face-off versus Jack Eichel in VANCOUVER Canucks zone.
15:57 of 2nd period - Jason Demers is hit by Travis Hamonic and loses puck.
16:15 of 2nd period - Minor Penalty to Jack Eichel for Slashing.
16:16 of 2nd period - Sebastien Aho wins face-off versus Logan Shaw in VANCOUVER Canucks zone.
16:41 of 2nd period - Mikhail Sergachev is hit by Ryan Pulock.
16:58 of 2nd period - Off-side.
16:59 of 2nd period - Dylan Cozens wins face-off versus Tomas Nosek in neutral zone.
17:41 of 2nd period - Ondrej Kase is hit by Ryan Pulock and loses puck.
18:04 of 2nd period - Shot by Mikhail Sergachev.
18:04 of 2nd period - Shot Blocked by Travis Hamonic.
18:24 of 2nd period - Shot by Ben Chiarot.
18:24 of 2nd period - Shot Blocked by Jason Demers.
18:26 of 2nd period - Shot by Janne Kuokkanen.
18:26 of 2nd period - Stopped by Joonas Korpisalo without a rebound.
18:27 of 2nd period - Jack Eichel wins face-off versus William Karlsson in DALLAS Stars zone.
19:29 of 2nd period - Minor Penalty to Mikhail Sergachev for Interference.
19:30 of 2nd period - Joel Eriksson EK wins face-off versus Tyler Bertuzzi in DALLAS Stars zone.
19:37 of 2nd period - Shot by Casey Mittelstadt.
19:37 of 2nd period - Shot Misses the Net.
19:39 of 2nd period - Shot by Joel Eriksson EK.
19:39 of 2nd period - Stopped by Joonas Korpisalo without a rebound.
19:40 of 2nd period - Ondrej Kase wins face-off versus Casey Mittelstadt in DALLAS Stars zone.
19:40 of 2nd period - Ondrej Kase is hit by Joel Eriksson EK.
Goals for this period are 1 for DALLAS Stars vs 1 for VANCOUVER Canucks .
Shots for this period are 8 for DALLAS Stars vs 10 for VANCOUVER Canucks .

3rd period


0:01 of 3rd period - Jack Eichel wins face-off versus Ondrej Kase in neutral zone.
0:12 of 3rd period - Shot by Travis Hamonic.
0:12 of 3rd period - Stopped by Joonas Korpisalo without a rebound.
0:13 of 3rd period - Ondrej Kase wins face-off versus Casey Mittelstadt in DALLAS Stars zone.
1:20 of 3rd period - Shot by Vladimir Tarasenko.
1:20 of 3rd period - Shot Blocked by Darnell Nurse.
1:22 of 3rd period - Shot by Jack Eichel.
1:22 of 3rd period - Shot Misses the Net.
1:26 of 3rd period - Shot by Jack Eichel.
1:26 of 3rd period - Stopped by Joonas Korpisalo without a rebound.
1:27 of 3rd period - Jack Eichel wins face-off versus Dylan Cozens in DALLAS Stars zone.
1:52 of 3rd period - Shot by William Karlsson.
1:52 of 3rd period - Stopped by Jeremy Swayman without a rebound.
1:53 of 3rd period - Jack Eichel wins face-off versus Sebastien Aho in VANCOUVER Canucks zone.
2:01 of 3rd period - Shot by Vladimir Tarasenko.
2:01 of 3rd period - Deflect By Jack Eichel.
2:01 of 3rd period - Shot Misses the Net.
2:17 of 3rd period - Ryan Pulock is hit by Reilly Smith and loses puck.
2:46 of 3rd period - Off-side.
2:47 of 3rd period - Dylan Cozens wins face-off versus Joel Eriksson EK in neutral zone.
2:56 of 3rd period - Shot by Tyler Bertuzzi.
2:56 of 3rd period - Goal by Tyler Bertuzzi - DALLAS Stars : 3 - VANCOUVER Canucks : 3.
2:57 of 3rd period - Devin Shore wins face-off versus Dylan Cozens in neutral zone.
3:05 of 3rd period - Icing by Tyler Bertuzzi.
3:06 of 3rd period - Casey Mittelstadt wins face-off versus Ondrej Kase in DALLAS Stars zone.
3:06 of 3rd period - Nate Schmidt is hit by Damon Severson.
3:08 of 3rd period - Shot by Joel Eriksson EK.
3:08 of 3rd period - Stopped by Joonas Korpisalo without a rebound.
3:09 of 3rd period - Dylan Cozens wins face-off versus Casey Mittelstadt in DALLAS Stars zone.
3:34 of 3rd period - Shot by Ondrej Kase.
3:34 of 3rd period - Shot Misses the Net.
3:52 of 3rd period - Shot by Dylan Cozens.
3:52 of 3rd period - Stopped by Jeremy Swayman without a rebound.
3:53 of 3rd period - Jack Eichel wins face-off versus Sebastien Aho in VANCOUVER Canucks zone.
3:57 of 3rd period - Ryan Pulock is hit by Darnell Nurse and loses puck.
4:08 of 3rd period - Shot by Matt Duchene.
4:08 of 3rd period - Shot Blocked by Tomas Hertl.
4:15 of 3rd period - Off-side.
4:16 of 3rd period - Devin Shore wins face-off versus Tyson Jost in neutral zone.
5:28 of 3rd period - Shot by Ondrej Kase.
5:28 of 3rd period - Shot Blocked by Travis Hamonic.
6:15 of 3rd period - Shot by Casey Mittelstadt.
6:15 of 3rd period - Shot Misses the Net.
7:08 of 3rd period - Shot by Tomas Nosek.
7:08 of 3rd period - Shot Misses the Net.
7:10 of 3rd period - Shot by Ben Chiarot.
7:10 of 3rd period - Stopped by Joonas Korpisalo without a rebound.
7:11 of 3rd period - Devin Shore wins face-off versus William Karlsson in DALLAS Stars zone.
7:44 of 3rd period - Nate Schmidt is hit by Tyson Jost and loses puck.
8:23 of 3rd period - Jason Demers is hit by Vladimir Tarasenko and loses puck.
8:40 of 3rd period - Shot by Vladimir Tarasenko.
8:40 of 3rd period - Deflect By Matt Duchene.
8:40 of 3rd period - Stopped by Joonas Korpisalo without a rebound.
8:41 of 3rd period - Dylan Cozens wins face-off versus Casey Mittelstadt in DALLAS Stars zone.
8:57 of 3rd period - Shot by Ryan Dzingel.
8:57 of 3rd period - Stopped by Joonas Korpisalo with a rebound.
9:17 of 3rd period - Shot by Ondrej Kase.
9:17 of 3rd period - Stopped by Jeremy Swayman with a rebound.
9:32 of 3rd period - Icing by Damon Severson.
9:33 of 3rd period - Jack Eichel wins face-off versus Ondrej Kase in DALLAS Stars zone.
9:38 of 3rd period - Shot by Matt Duchene.
9:38 of 3rd period - Stopped by Joonas Korpisalo with a rebound.
9:40 of 3rd period - Shot by Jack Eichel.
9:40 of 3rd period - Stopped by Joonas Korpisalo with a rebound.
9:42 of 3rd period - Shot by Jack Eichel.
9:42 of 3rd period - Stopped by Joonas Korpisalo with a rebound.
9:53 of 3rd period - Ondrej Kase is hit by Vladimir Tarasenko and loses puck.
10:00 of 3rd period - Shot by Matt Duchene.
10:00 of 3rd period - Stopped by Joonas Korpisalo without a rebound.
10:01 of 3rd period - Devin Shore wins face-off versus Sebastien Aho in DALLAS Stars zone.
10:09 of 3rd period - Icing by Reilly Smith.
10:10 of 3rd period - Sebastien Aho wins face-off versus Michael Rasmussen in DALLAS Stars zone.
10:17 of 3rd period - Shot by Reilly Smith.
10:17 of 3rd period - Stopped by Jeremy Swayman without a rebound.
10:18 of 3rd period - Jack Eichel wins face-off versus Sebastien Aho in VANCOUVER Canucks zone.
10:36 of 3rd period - Icing by Darnell Nurse.
10:37 of 3rd period - Sebastien Aho wins face-off versus Casey Mittelstadt in DALLAS Stars zone.
10:39 of 3rd period - Icing by John Carlson.
10:40 of 3rd period - Jack Eichel wins face-off versus Sebastien Aho in DALLAS Stars zone.
10:40 of 3rd period - Travis Hamonic is hit by Darnell Nurse.
11:24 of 3rd period - Shot by Jack Eichel.
11:24 of 3rd period - Shot Blocked by Reilly Smith.
11:49 of 3rd period - Icing by Mikhail Sergachev.
11:50 of 3rd period - Dylan Cozens wins face-off versus Devin Shore in DALLAS Stars zone.
11:50 of 3rd period - Dylan Cozens is hit by Oskar Lindblom.
12:17 of 3rd period - Shot by Tobias Bjornfot.
12:17 of 3rd period - Stopped by Joonas Korpisalo without a rebound.
12:18 of 3rd period - Joel Eriksson EK wins face-off versus William Karlsson in DALLAS Stars zone.
13:44 of 3rd period - Minor Penalty to Tyler Bertuzzi for Roughing.
13:45 of 3rd period - Jack Eichel wins face-off versus Ondrej Kase in DALLAS Stars zone.
13:46 of 3rd period - Shot by Nate Schmidt.
13:46 of 3rd period - Stopped by Joonas Korpisalo without a rebound.
13:47 of 3rd period - Jack Eichel wins face-off versus Ondrej Kase in DALLAS Stars zone.
13:54 of 3rd period - Shot by Jack Eichel.
13:54 of 3rd period - Stopped by Joonas Korpisalo without a rebound.
13:55 of 3rd period - Jack Eichel wins face-off versus Ondrej Kase in DALLAS Stars zone.
14:22 of 3rd period - Shot by Ryan Pulock.
14:22 of 3rd period - Stopped by Joonas Korpisalo without a rebound.
14:23 of 3rd period - Ondrej Kase wins face-off versus Casey Mittelstadt in DALLAS Stars zone.
14:36 of 3rd period - Shot by Casey Mittelstadt.
14:36 of 3rd period - Shot Misses the Net.
14:38 of 3rd period - Shot by Travis Hamonic.
14:38 of 3rd period - Stopped by Joonas Korpisalo without a rebound.
14:39 of 3rd period - Ondrej Kase wins face-off versus Casey Mittelstadt in DALLAS Stars zone.
15:11 of 3rd period - Shot by Nate Schmidt.
15:11 of 3rd period - Stopped by Joonas Korpisalo without a rebound.
15:12 of 3rd period - William Karlsson wins face-off versus Jack Eichel in DALLAS Stars zone.
15:12 of 3rd period - William Karlsson is hit by Matt Duchene.
16:13 of 3rd period - Shot by Tobias Bjornfot.
16:13 of 3rd period - Shot Misses the Net.
16:17 of 3rd period - Shot by Janne Kuokkanen.
16:17 of 3rd period - Shot Blocked by Neal Pionk.
17:03 of 3rd period - Shot by Casey Mittelstadt.
17:03 of 3rd period - Shot Misses the Net.
17:40 of 3rd period - Mikhail Sergachev is hit by Ryan Dzingel.
18:09 of 3rd period - Dylan Cozens is hit by Nate Schmidt and loses puck.
18:36 of 3rd period - Darnell Nurse is hit by Travis Hamonic and loses puck.
Goals for this period are 1 for DALLAS Stars vs 0 for VANCOUVER Canucks .
Shots for this period are 5 for DALLAS Stars vs 16 for VANCOUVER Canucks .

Overtime #1


0:01 of 1st overtime period - William Karlsson wins face-off versus Matt Duchene in neutral zone.
0:40 of 1st overtime period - Shot by Michael Rasmussen.
0:40 of 1st overtime period - Shot Misses the Net.
1:58 of 1st overtime period - Shot by Michael Rasmussen.
1:58 of 1st overtime period - Shot Hit the Post.
2:00 of 1st overtime period - Shot by Ryan Pulock.
2:00 of 1st overtime period - Shot Blocked by John Carlson.
2:06 of 1st overtime period - Shot by Matt Duchene.
2:06 of 1st overtime period - Shot Misses the Net.
2:41 of 1st overtime period - Shot by Tyson Jost.
2:41 of 1st overtime period - Stopped by Jeremy Swayman without a rebound.
2:42 of 1st overtime period - Matt Duchene wins face-off versus Sebastien Aho in VANCOUVER Canucks zone.
2:49 of 1st overtime period - Shot by Matt Duchene.
2:49 of 1st overtime period - Stopped by Joonas Korpisalo without a rebound.
2:50 of 1st overtime period - Matt Duchene wins face-off versus William Karlsson in DALLAS Stars zone.
2:53 of 1st overtime period - Shot by Matt Duchene.
2:53 of 1st overtime period - Shot Blocked by Ondrej Kase.
3:27 of 1st overtime period - Off-side.
3:28 of 1st overtime period - Logan Shaw wins face-off versus Tyson Jost in neutral zone.
3:31 of 1st overtime period - Shot by Travis Hamonic.
3:31 of 1st overtime period - Shot Misses the Net.
3:35 of 1st overtime period - Shot by Janne Kuokkanen.
3:35 of 1st overtime period - Stopped by Joonas Korpisalo without a rebound.
3:36 of 1st overtime period - Logan Shaw wins face-off versus William Karlsson in DALLAS Stars zone.
3:39 of 1st overtime period - Shot by Janne Kuokkanen.
3:39 of 1st overtime period - Stopped by Joonas Korpisalo without a rebound.
3:40 of 1st overtime period - William Karlsson wins face-off versus Matt Duchene in DALLAS Stars zone.
3:59 of 1st overtime period - Shot by William Karlsson.
3:59 of 1st overtime period - Shot Misses the Net.
Goals for this period are 0 for DALLAS Stars vs 0 for VANCOUVER Canucks .
Shots for this period are 1 for DALLAS Stars vs 3 for VANCOUVER Canucks .

ShootOut


5:00 of 1st overtime period - Round #1.
5:00 of 1st overtime period - DALLAS Stars , Ondrej Kase.
5:00 of 1st overtime period - Goal by Ondrej Kase.
5:00 of 1st overtime period - VANCOUVER Canucks , Matt Duchene.
5:00 of 1st overtime period - Stopped by Joonas Korpisalo.
5:00 of 1st overtime period - Round #2.
5:00 of 1st overtime period - DALLAS Stars , Tyler Bertuzzi.
5:00 of 1st overtime period - Stopped by Jeremy Swayman.
5:00 of 1st overtime period - VANCOUVER Canucks , Jack Eichel.
5:00 of 1st overtime period - Shot Misses the Net.
5:00 of 1st overtime period - Round #3.
5:00 of 1st overtime period - DALLAS Stars , Dylan Cozens.
5:00 of 1st overtime period - Stopped by Jeremy Swayman.
5:00 of 1st overtime period - VANCOUVER Canucks , Joel Eriksson EK.
5:00 of 1st overtime period - Shot Misses the Net.